Unix NetHack Version 3.7.0-66 Work-in-progress - last build Oct 24 2022 02:09:04 (0cf9ee0665dfd4e3628fd2b6ead320895a4d4695,branch:master). Game began 2022-10-25 18:43:19, ended 2022-10-26 15:46:30. torpedovariant, chaotic female elven Wizard ..- ... .@..d..). Gh.)...).) -.|...<. .--- Torpedovariant the Thaumaturge St:12 Dx:13 Co:13 In:20 Wi:12 Ch:9 Chaotic Dlvl:6 $:117 HP:0(50) Pw:43(55) AC:2 Exp:6 T:3665 Burdened Latest messages: Woofmeister misses the hobbit. The hobbit wields a dagger! Woofmeister misses the hobbit. You kill the hobbit! You see here a dagger. Q - a dagger named Q !c (at the ready) (2 in total). Woofmeister drops a dart. The gnome king shoots 3 arrows! The 1st arrow misses you. You are hit by the 2nd arrow. You are almost hit by the 3rd arrow. The gnome king shoots 3 arrows! The 1st arrow misses you. The 2nd arrow misses you. You are hit by the 3rd arrow! You climb up the stairs. You feel full of energy. You descend the stairs. You see here 2 arrows. In what direction? The spell hits the gnome! You kill the gnome! The spell hits the gnome lord! The gnome king shoots 3 arrows! You are hit by the 1st arrow! The 2nd arrow misses you. You are hit by the 3rd arrow. The gnome lord throws 2 darts! The gnome king is hit. It is missed. The 2nd dart misses you. In what direction? The spell hits the gnome king! The gnome king resists! The spell hits the gnome lord! You kill the gnome lord! In what direction? The spell hits the gnome king! You kill the gnome king! O - an iron ring. P - a bow. You have a little trouble lifting R - a tripe ration. Your movements are slowed slightly because of your load. You hit the dwarf. The dwarf swings her broad pick. The dwarf hits! The dwarf swings her broad pick. The dwarf hits! You die... Do you want your possessions identified? [ynq] (y) Inventory: Coins $ - 117 gold pieces Weapons a - an uncursed +0 dagger named W !c (weapon in hand) q - 2 uncursed +0 orcish daggers named +0 !c w - a blessed +1 quarterstaff (alternate weapon; not wielded) P - an uncursed +1 bow Q - 2 uncursed +0 daggers named Q !c (at the ready) Armor h - a cursed -1 pair of fumble boots m - a cursed -1 pair of water walking boots named cursed? B - a blessed +1 studded leather armor (being worn) C - an uncursed +0 cloak of magic resistance (being worn) D - a cursed +0 pair of iron shoes (being worn) F - an uncursed +0 orcish helm (being worn) L - an uncursed +0 orcish helm Comestibles u - 3 uncursed food rations R - an uncursed tripe ration Scrolls o - an uncursed scroll of enchant armor r - an uncursed scroll of confuse monster t - a blessed scroll of identify v - 3 uncursed scrolls of identify J - a cursed scroll of identify M - an uncursed scroll of remove curse T - a blessed scroll of gold detection Spellbooks e - an uncursed spellbook of cancellation Rings d - an uncursed ring of free action (on right hand) K - an uncursed ring of slow digestion O - a blessed +4 ring of increase damage Wands c - an uncursed wand of secret door detection (0:15) N - an uncursed wand of lightning (0:3) Tools i - an uncursed mirror k - an uncursed lock pick Torpedovariant the Wizard's attributes: Background: You were a Thaumaturge, a level 6 female elven Wizard. You were chaotic, on a mission for Anhur who was opposed by Ptah (lawful) and Thoth (neutral). You were in the Gnomish Mines, on level 6. You entered the dungeon 3665 turns ago. There was a new moon in effect when your adventure ended. You had 421 experience points, 219 more were needed to attain level 7. Basics: You had 0 out of 50 hit points. You had 43 out of 55 energy points (spell power). Your armor class was 2. Your wallet contained 117 zorkmids. Autopickup was on for '$!?/"=' plus thrown, with exceptions. Final Characteristics: Your strength was 12 (limit:18). Your dexterity was 13 (limit:18). Your constitution was 13 (limit:16). Your intelligence was 20 (limit:20). Your wisdom was 12 (limit:20). Your charisma was 9 (limit:18). Final Status: You were not hungry. You were burdened; movement was slightly slowed. You were wielding a dagger. You had basic skill with dagger. Final Attributes: You were piously aligned. You were magic-protected. You were sleep resistant. You had infravision. You were warded. You had free action. You are dead. Miscellaneous: You never encountered a bones level. Total elapsed playing time was 19 minutes and 9 seconds. Major events: Turn 1: torpedovariant the chaotic female elven Wizard entered the dungeon 680: attained the rank of Conjurer (level 3) 1963: entered the Gnomish Mines 3435: attained the rank of Thaumaturge (level 6) 3665: killed by a dwarf Vanquished creatures: a dwarf ruler a gnome ruler a fog cloud 3 gnome leaders a kitten 2 dwarves 6 hill orcs a giant bat 2 iguanas an acid blob 3 coyotes 2 hobbits a large kobold 3 hobgoblins a giant rat a yellow mold a red mold 8 gnomes 2 geckos a jackal a fox 2 goblins 2 sewer rats 4 grid bugs 2 bats 7 lichens 5 newts 65 creatures vanquished. No species were genocided or became extinct. Voluntary challenges: You read items or engraved 3 times. You engraved Elbereth 1 time. You never genocided any monsters. You never polymorphed an object. You never changed form. You used no wishes. Achievements: You attained the rank of Conjurer. You entered a shop. You entered the Gnomish Mines. You attained the rank of Thaumaturge. The Dungeons of Doom: levels 1 to 5 Level 1: Level 2: "!+ >" Some fountains. Level 3: "magical boots in shop" An armor shop, a fountain, a sink. Level 4: A potion shop, a fountain. Stairs down to The Gnomish Mines. Level 5: The Gnomish Mines: levels 5 to 6 Level 5: Level 6: <- You were here. Final resting place for you, killed by a dwarf. Game over: ---------- / \ / REST \ / IN \ / PEACE \ / \ | torpedovariant | | 117 Au | | killed by a | | dwarf | | | | | | 2022 | *| * * * | * _________)/\\_//(\/(/\)/\//\/|_)_______ Goodbye torpedovariant the Wizard... You died in The Gnomish Mines on dungeon level 6 with 2050 points, and 117 pieces of gold, after 3665 moves. You were level 6 with a maximum of 50 hit points when you died.